[Event "*** Titled Tuesday Blitz"]
[Site "Chess.com"]
[Date "2020.04.14"]
[Round "5"]
[White "JMatias"]
[Black "regular_legs"]
[Result "1-0"]
[WhiteElo "2373"]
[BlackElo "2522"]
[TimeControl "180+1"]
[EndTime "10:50:49 PDT"]
[Termination "JMatias won on time"]

1. e4 c6 2. d4 d5 3. exd5 cxd5 4. Bd3 Nf6 5. c3 Qc7 6. Nf3 Bg4 7. h3 Bh5 8. O-O Nc6 9. Bg5 e6 10. Nbd2 Bd6 11.
Re1 Bg6 12. Bxg6 hxg6 13. Qe2 O-O-O 14. Ne5 Kb8 15. Ndf3 Rc8 16. Bf4 Ka8 17. Bg5 Ne4 18. Be3 Nxe5 19. dxe5 Bxe5 20. Nxe5 Qxe5 21. f3 Nd6 22.
Qf2 Nc4 23. Bxa7 Qd6 24. Bd4 e5 25. Be3 f6 26. Rad1 g5 27. Bc1 Rhd8 28. b3 Nb6 29. Rd3 Qc6 30. Red1 Rd7 31. Qb2 Qb5 32. Be3 Nc4 33.
Qc1 Nxe3 34. Qxe3 Qc5 35. Qxc5 Rxc5 36. Kf2 Kb8 37. Kg3 Kc7 38. Kg4 Kc6 39. Kf5 Ra5 40.
a4 b5 41. axb5+ Rxb5 42. c4 Rb4 43. Rxd5 Rxd5 44. cxd5+ Kd6 45. Kg6 Rxb3 46. Kxg7 f5 47. Kg6 g4 48. fxg4 fxg4 49. h4 Rb2 50. Rg1 e4 51. h5 Kxd5 52. h6 Ke5 53. h7 Rb8 54. Rh1 e3 55. h8=Q+ Rxh8 56. Rxh8 Kf4 57. Re8 Kg3 58.
Kg5 Kxg2 59. Rxe3 1-0

[Event "*** Titled Tuesday Blitz"]
[Site "Chess.com"]
[Date "2020.04.14"]
[Round "5"]
[White "smshk35"]
[Black "Charlottemillard17"]
[Result "1-0"]
[WhiteElo "2279"]
[BlackElo "1375"]
[TimeControl "180+1"]
[EndTime "10:50:49 PDT"]
[Termination "smshk35 won on time"]

1. e4 e5 2. Nf3 Nc6 3. d4 exd4 4. Nxd4 Bd6 5. Nf5 Be7 6. Nxg7+ Kf8 7. Nf5 Bf6 8. Nc3 d6 9. Ne3 Bxc3+ 10. bxc3 Qf6 11. Nd5 Qe5 12. Bd3 Be6 13. Nxc7 Rc8 14. Nxe6+ fxe6 15. O-O Nf6 16. Rb1 Rc7 17. Rb5 d5 18. exd5 exd5 19. Ba3+ Kf7 20. Re1 Qg5 21. Qf3 Ne5 22. Qg3 Qxg3 23. hxg3 Nxd3 24. cxd3 Rxc3 25. Rxb7+ Kg6 26.
Bb2 Rxd3 27. Re6 Rf8 28. Rxa7 Kg5 29. Bxf6+ Rxf6 30. Rxf6 Kxf6 31. a4 Kg6 32. Kf1 d4 33. Ke2 Ra3 34. a5 d3+ 35. Ke3 h5 36. a6 1-0

[Event "*** Titled Tuesday Blitz"]
[Site "Chess.com"]
[Date "2020.04.14"]
[Round "5"]
[White "SamuelGhimpu2003"]
[Black "SergeiAza"]
[Result "0-1"]
[WhiteElo "2554"]
[BlackElo "2783"]
[TimeControl "180+1"]
[EndTime "10:50:50 PDT"]
[Termination "SergeiAza won by resignation"]

1. e4 e5 2. Nc3 Nf6 3. Bc4 Nc6 4. d3 Bc5 5. Be3 d6 6. Nf3 Bg4 7. h3 Bxf3 8. Qxf3 Nd4 9. Qd1 c6 10. Na4 b5 11. Nxc5 dxc5 12. Bb3 O-O 13. O-O Qe7 14. c3 Nxb3 15. axb3 Rfd8 16. Ra6 c4 17. bxc4 bxc4 18.
Qa4 cxd3 19. Rd1 Qb7 20. Rxa7 Rxa7 21. Qxa7 Qxa7 22. Bxa7 Nxe4 23. f3 Nf6 24. Kf2 Kf8 25. c4 Ke7 26. Ke3 Nh5 27. Rxd3 Rxd3+ 28. Kxd3 Nf4+ 29. Ke4 Ke6 30. b4 f5+ 31. Ke3 Nxg2+ 32. Kf2 Nf4 33. h4 Nd3+ 0-1

[Event "*** Titled Tuesday Blitz"]
[Site "Chess.com"]
[Date "2020.04.14"]
[Round "5"]
[White "anon219"]
[Black "Orest_Vovk"]
[Result "0-1"]
[WhiteElo "2797"]
[BlackElo "2491"]
[TimeControl "180+1"]
[EndTime "10:50:50 PDT"]
[Termination "Orest_Vovk won by checkmate"]

1. e4 Nc6 2. d4 e5 3. d5 Nce7 4. h4 Nf6 5. Bg5 Neg8 6. c4 h6 7.
Bxf6 Nxf6 8. Nc3 Bc5 9. a3 d6 10. b4 Bb6 11. Bd3 Ng4 12. Nh3 Qxh4 13. Qf3 Nf6 14. Qe2 Bd4 15. Rc1 a6 16. Kf1 Bg4 17. f3 Nh5 18. Nf2 Ng3+ 19. Ke1 Qg5 20. Qd2 Be3 21.
Qc2 Nxh1 22. Nxh1 Bxc1 23. fxg4 Qh4+ 24. Nf2 Be3 25. Nd1 Bxf2+ 26. Nxf2 O-O 27. c5 Qg3 28. Kf1 a5 29. b5 a4 30. b6 cxb6 31. cxd6 Rac8 32.
Qxa4 Rc3 33. Ke2 Qxg2 34. Qd1 Rxa3 35. d7 Ra2+ 36. Bc2 Rd8 37. Qb1 Ra3 38. Bd3 Rxd7 39. Qb2 Ra5 40. Bb5 Rd8 41. Bc4 Rc8 42. Bb3 Rb5 43.
d6 Rd8 44. Bxf7+ Kxf7 45. Qxb5 Rxd6 46. Qc4+ Kg6 47. Ke3 Rf6 48. Nd3 Rf3# 0-1

[Event "*** Titled Tuesday Blitz"]
[Site "Chess.com"]
[Date "2020.04.14"]
[Round "5"]
[White "DanielDardha2005"]
[Black "AvitalBor"]
[Result "0-1"]
[WhiteElo "2574"]
[BlackElo "2745"]
[TimeControl "180+1"]
[EndTime "10:50:51 PDT"]
[Termination "AvitalBor won by resignation"]

1. Nf3 d5 2. c4 dxc4 3. e3 a6 4.
Bxc4 b5 5. Be2 Bb7 6. d4 e6 7. a4 b4 8. O-O Nf6 9. Nbd2 Nbd7 10. Nc4 a5 11. b3 Be7 12. Bb2 O-O 13. Rc1 c5 14.
Nfe5 Nxe5 15. Nxe5 Rc8 16. Bf3 Bd5 17. Nc4 cxd4 18. Qxd4 Bxf3 19. Qxd8 Rfxd8 20. gxf3 Rc5 21. Rfd1 h5 22. Rxd8+ Bxd8 23. Rd1 Rd5 24. Rxd5 exd5 25. Nd6 Nd7 26. Nf5 Nc5 27. Nd4 Bf6 28. Kf1 Bxd4 29.
Bxd4 Nxb3 30. Bb6 Nd2+ 31. Ke2 Nc4 32. Bd4 f5 33. Kd3 b3 34. Kc3 h4 35. h3 b2 36.
Kc2 g5 37. Bxb2 Nxb2 38. Kxb2 g4 0-1

[Event "*** Titled Tuesday Blitz"]
[Site "Chess.com"]
[Date "2020.04.14"]
[Round "5"]
[White "adricalderon8"]
[Black "vinniethepooh"]
[Result "1-0"]
[WhiteElo "2449"]
[BlackElo "2613"]
[TimeControl "180+1"]
[EndTime "10:50:51 PDT"]
[Termination "adricalderon8 won on time"]

1. e4 c5 2. Nf3 d6 3. Nc3 Nf6 4. e5 dxe5 5. Nxe5 Nbd7 6. Bb5 a6 7. Bxd7+ Bxd7 8. O-O e6 9. d4 Bc6 10. Nxc6 bxc6 11.
dxc5 Bxc5 12. Bg5 Qxd1 13. Raxd1 Be7 14. Na4 h6 15. Bh4 Nd5 16. Bxe7 Kxe7 17. c4 Nc7 18. Nc5 Rhc8 19. Rd7+ Ke8 20. Rfd1 Rd8 21. Rxd8+ Rxd8 22. Rxd8+ Kxd8 23. f4 Ke7 24. Kf2 f5 25. Ke3 g5 26. g3 Kf6 27. Kd4 a5 28. a3 Ne8 29. Nd7+ Ke7 30. Ne5 Kd6 31. Nf7+ Ke7 32. Ne5 Kd6 33. c5+ Kc7 34. b4 axb4 35. axb4 Nf6 36. Nf7 gxf4 37. gxf4 h5 38. Ke5 Nd5 39. Kxe6 Nxf4+ 40. Kxf5 Nd3 41. Kg5 Kd7 42. Kxh5 Ke7 43. Nd6 Nxb4 44. Kg6 Kf8 45. h4 Nd3 46. Ne4 Ne5+ 47.
Kf6 Nf3 48. h5 Kg8 49. Ng5 Nd4 50. h6 Nb3 51. Kg6 Nxc5 52. h7+ Kf8 53. h8=Q+ Ke7 54. Qe5+ Kd7 55. Qxc5 1-0

[Event "*** Titled Tuesday Blitz"]
[Site "Chess.com"]
[Date "2020.04.14"]
[Round "5"]
[White "IljaJoke"]
[Black "Nikolakis2014"]
[Result "0-1"]
[WhiteElo "2519"]
[BlackElo "2695"]
[TimeControl "180+1"]
[EndTime "10:50:53 PDT"]
[Termination "Nikolakis2014 won by resignation"]

1. d4 Nf6 2. c4 e6 3. g3 c5 4. Nf3 cxd4 5. Nxd4 d5 6. Bg2 e5 7. Nf3 d4 8. e3 Nc6 9. exd4 exd4 10. O-O Be7 11. b4 Nxb4 12. Nxd4 O-O 13. Be3 Ng4 14. Nc3 Nxe3 15. fxe3 Bd7 16. Bxb7 Rb8 17. Bg2 Bc5 18. Nd5 Qe8 19. Qd2 Qe5 20. Rae1 a5 21. a3 Nxd5 22. cxd5 Bxa3 23. Qd3 Bb4 24. Ra1 Qd6 25. Nf5 Bxf5 26. Rxf5 Rfe8 27. e4 Re7 28. Bf3 Rbe8 29. Kg2 g6 30.
Rf4 Qe5 31. Rc1 Bd6 32. Rc2 a4 33. h4 a3 34. h5 Rb8 35. hxg6 hxg6 36. Bg4 Rb2 37.
Rff2 Rxc2 38. Rxc2 Qxe4+ 39. Qxe4 Rxe4 40. Bf3 Rb4 41. Ra2 Rb3 42. g4 Kg7 43. Kf2 Kf6 44. Ke2 Bc5 45.
Be4 Re3+ 0-1

[Event "*** Titled Tuesday Blitz"]
[Site "Chess.com"]
[Date "2020.04.14"]
[Round "5"]
[White "Kotofeyca"]
[Black "Gentlejimmy7"]
[Result "0-1"]
[WhiteElo "2375"]
[BlackElo "2635"]
[TimeControl "180+1"]
[EndTime "10:50:53 PDT"]
[Termination "Gentlejimmy7 won by checkmate"]

1. d4 Nf6 2. c4 g6 3. f3 e6 4. e4 d5 5. cxd5 exd5 6. e5 Nh5 7. g3 c5 8. Ne2 Nc6 9. Be3 Ng7 10. f4 Nf5 11. Bf2 Qb6 12. dxc5 Qxb2 13. Nbc3 d4 14. Rb1 Qa3 15. Nb5 Qa5+ 16. Qd2 Qxd2+ 17. Kxd2 Kd7 18. Nd6 Bxd6 19. cxd6 h5 20. Bh3 b6 21. Bxf5+ gxf5 22. Bxd4 f6 23. Rhe1 Ba6 24. Bb2 h4 25. Nd4 Nxd4 26.
Bxd4 hxg3 27. hxg3 Rh2+ 28. Ke3 Rg8 29. Rg1 Re2+ 30.
Kf3 Re4 31. Ba1 Bb7 32. Kf2 Ra4 33. Rb2 Rh8 34. Rc2 Rh2+ 35. Ke3 Rxc2 36. g4 Ra3+ 37. Kd4 Be4 38. Rd1 b5 39. exf6 Rc4+ 40. Ke5 Rc5+ 41. Kd4 Rd5# 0-1

[Event "*** Titled Tuesday Blitz"]
[Site "Chess.com"]
[Date "2020.04.14"]
[Round "5"]
[White "slowdgehammer"]
[Black "Perecke"]
[Result "0-1"]
[WhiteElo "2344"]
[BlackElo "2209"]
[TimeControl "180+1"]
[EndTime "10:50:53 PDT"]
[Termination "Perecke won by resignation"]

1. c4 e5 2. Nc3 Nf6 3. g3 d5 4. cxd5 Nxd5 5. Bg2 Nb6 6. Nf3 Nc6 7. d3 Be7 8. O-O O-O 9. a3 Be6 10. b4 a5 11. b5 Nd4 12. Nd2 f6 13. Bb2 c6 14. e3 Nf5 15. Qe2 Rc8 16. Rfc1 Qd7 17. Nde4 cxb5 18. a4 Nxa4 19. Nxa4 bxa4 20. Ba3 Bxa3 21.
Rxc8 Rxc8 22. Rxa3 Rc1+ 23. Bf1 b5 24. Qb2 Rc8 25.
h4 b4 26. Ra1 a3 27. Qd2 b3 28.
Rxa3 Qb7 29. Qb2 Rc2 30. Qb1 b2 31. Rc3 Rxc3 32. Nxc3 Qb3 33. Nd1 a4 34. Qxb2 Qxb2 35.
Nxb2 a3 36. Nc4 a2 0-1

[Event "*** Titled Tuesday Blitz"]
[Site "Chess.com"]
[Date "2020.04.14"]
[Round "5"]
[White "asimali1977"]
[Black "ntmh281"]
[Result "0-1"]
[WhiteElo "1979"]
[BlackElo "2300"]
[TimeControl "180+1"]
[EndTime "10:50:53 PDT"]
[Termination "ntmh281 won on time"]

1. Nf3 d5 2. g3 Nf6 3. Bg2 Bf5 4.
d3 e6 5. Nbd2 h6 6. O-O Nbd7 7.
Re1 Bc5 8. h3 O-O 9. e4 dxe4 10.
dxe4 Bh7 11. e5 Nd5 12. Ne4 Bb6 13. c4 Ne7 14. b4 a5 15. c5 Ba7 16. a3 axb4 17.
axb4 Nc6 18. Bd2 Ncxe5 19. Nxe5 Nxe5 20. Bc3 Nd7 21. Qg4 e5 22. Red1 f5 23. Qh5 fxe4 24. Bxe5 Rf5 25. Qg4 Rxe5 26. Rxd7 Qf6 27. Bf1 Rf8 28. Qf4 Rf5 29. Qxc7 Qxa1 30. Rxg7+ Qxg7 31. Qxg7+ Kxg7 0-1

[Event "*** Titled Tuesday Blitz"]
[Site "Chess.com"]
[Date "2020.04.14"]
[Round "5"]
[White "korbul"]
[Black "Cayse"]
[Result "0-1"]
[WhiteElo "2524"]
[BlackElo "2721"]
[TimeControl "180+1"]
[EndTime "10:50:54 PDT"]
[Termination "Cayse won by resignation"]

1. d4 Nf6 2. c4 e6 3. Nf3 d5 4. Nc3 Nbd7 5. Bf4 Bb4 6. e3 O-O 7. a3 Bxc3+ 8. bxc3 c5 9. Bd3 Qa5 10. O-O Qxc3 11. Bd6 Rd8 12. dxc5 dxc4 13. Be2 Nxc5 14. Bxc5 Rxd1 15. Rfxd1 Bd7 16. Bd4 Qc2 17. Rd2 Qa4 18. Bxf6 gxf6 19. Bxc4 Qxc4 20. Rxd7 b5 21. h4 a5 22. h5 h6 23. Nd4 Qc8 24. Rd6 Qc5 25. Rc6 Qxh5 26. Rac1 b4 27. a4 Qg6 28. Rb6 e5 29. Nc6 Qd3 30. Ne7+ Kf8 31. Rc7 Rd8 32. Rbb7 Qd1+ 33. Kh2 Qh5+ 34. Kg3 Kg7 35. e4 Kh7 36.
f3 Qg5+ 37. Kh3 Rd1 38. g3 Qh5+ 39. Kg2 Rd2+ 0-1

[Event "*** Titled Tuesday Blitz"]
[Site "Chess.com"]
[Date "2020.04.14"]
[Round "5"]
[White "Dixit_Nikhil"]
[Black "indfraeng"]
[Result "0-1"]
[WhiteElo "2431"]
[BlackElo "2257"]
[TimeControl "180+1"]
[EndTime "10:50:54 PDT"]
[Termination "indfraeng won by resignation"]

1. e4 e5 2. Nf3 Nc6 3. Nc3 Nf6 4. d4 exd4 5. Nxd4 Bc5 6. Nxc6 dxc6 7. Qxd8+ Kxd8 8.
Bg5 h6 9. Bxf6+ gxf6 10. O-O-O+ Ke7 11. f3 Be6 12. Bd3 Rad8 13. a3 Rhg8 14. g3 Bh3 15. Bf1 Be6 16. Rxd8 Rxd8 17. Bd3 Bh3 18. Bf1 Be6 19. Be2 Be3+ 20. Kb1 Bd4 21. Rd1 Bxc3 22. Rxd8 Kxd8 23. bxc3 f5 24. exf5 Bxf5 25. Bd3 Be6 26. Kc1 Ke7 27. Kd2 c5 28. Ke3 b6 29. g4 Kf6 30. Kf4 Ke7 31. h4 f6 32. Be4 Kd6 33. Bf5 Bf7 34. g5 hxg5+ 35. hxg5 fxg5+ 36. Kxg5 a5 37. f4 b5 38. Bg6 Bd5 39.
f5 b4 40. cxb4 cxb4 41. a4 b3 42. cxb3 Bxb3 43. f6 Bxa4 44. Bf7 Bd7 45. Kg6 a4 46. Kg7 a3 47. Ba2 Be8 48. Kf8 Bh5 49. f7 c5 50.
Kg7 Bxf7 51. Kxf7 Ke5 52. Ke7 Kd4 53. Kd6 c4 54. Kc6 0-1

[Event "*** Titled Tuesday Blitz"]
[Site "Chess.com"]
[Date "2020.04.14"]
[Round "5"]
[White "Hanging_pointer"]
[Black "Evgeny81"]
[Result "1/2-1/2"]
[WhiteElo "2560"]
[BlackElo "2715"]
[TimeControl "180+1"]
[EndTime "10:50:56 PDT"]
[Termination "Game drawn by repetition"]

1. d4 d5 2. c4 c6 3. cxd5 cxd5 4. Nc3 Nf6 5. Bf4 Nc6 6. e3 Bg4 7. f3 Bd7 8. Bd3 e6 9. h3 Bb4 10. Ne2 O-O 11. O-O Re8 12. Bg5 h6 13. Bh4 Qb6 14.
Bxf6 gxf6 15. f4 f5 16. Qe1 Bf8 17. Na4 Qa5 18. Nac3 Qd8 19. Rc1 Rc8 20. Kh2 Kh8 21. Ng1 Qf6 22. Nf3 Qg7 23. Ne5 Nxe5 24. fxe5 f6 25.
exf6 Bd6+ 26. Kh1 Qxf6 27. Ne2 Rxc1 28. Qxc1 e5 29. Bxf5 Bxf5 30. Ng3 exd4 31. Nxf5 dxe3 32. Nxe3 Qg5 33. Qc3+ Qe5 34. Nxd5 Qxc3 35. Nxc3 Re3 36. Kg1 Bg3 37. Rf3 Re1+ 38. Rf1 Re7 39. Rf3 Re1+ 40. Rf1 Re8 41. Rf3 Re1+ 1/2-1/2

[Event "*** Titled Tuesday Blitz"]
[Site "Chess.com"]
[Date "2020.04.14"]
[Round "5"]
[White "KinKaiser"]
[Black "earling8018"]
[Result "1-0"]
[WhiteElo "2486"]
[BlackElo "2036"]
[TimeControl "180+1"]
[EndTime "10:50:56 PDT"]
[Termination "KinKaiser won on time"]

1. d4 d5 2. Nf3 e6 3. c4 Nf6 4.
Nc3 Be7 5. Bf4 O-O 6. e3 b6 7.
Bd3 c5 8. O-O Bb7 9. cxd5 exd5 10. Ne5 Nbd7 11. Qf3 h6 12. Rad1 c4 13. Bb1 a6 14.
Nxc4 dxc4 15. Qxb7 b5 16. a3 Nb6 17. Qf3 Qd7 18. e4 a5 19. e5 Nfd5 20. Qe4 f5 21. exf6 Nxf6 22. Qg6 b4 23. Bxh6 Rf7 24. Ne4 Nbd5 25.
Ng5 Bd6 26. Bf5 Nf4 27. Bxd7 Nxg6 28. Be6 gxh6 29. Nxf7 Bf4 30. g3 Nf8 31. d5 Nxe6 32.
dxe6 Bc7 33. Nxh6+ Kf8 34. axb4 axb4 35. Nf5 c3 36. bxc3 bxc3 37. Rc1 Be5 38. Rfe1 Ra5 39. e7+ 1-0

[Event "*** Titled Tuesday Blitz"]
[Site "Chess.com"]
[Date "2020.04.14"]
[Round "5"]
[White "AnishGiri"]
[Black "Vincent_Vega95"]
[Result "1-0"]
[WhiteElo "3023"]
[BlackElo "2774"]
[TimeControl "180+1"]
[EndTime "10:50:57 PDT"]
[Termination "AnishGiri won by resignation"]

1. d4 Nf6 2. c4 g6 3. Nc3 Bg7 4.
e4 d6 5. Nf3 O-O 6. Be2 Nbd7 7.
O-O e5 8. Be3 Qe7 9. Qc2 exd4 10. Nxd4 c6 11. Rae1 Nc5 12. Bf3 a5 13. b3 Re8 14.
Bf4 Nh5 15. Bxh5 Bxd4 16. Bf3 Qf6 17. Bd2 h5 18. Ne2 Be5 19. Be3 h4 20. Qd2 Ne6 21. Bg4 Nc5 22. Bxc8 Nxe4 23. Qd3 Raxc8 24. f4 Bc3 25.
Nxc3 Qxc3 26. Qxc3 Nxc3 27. Bd2 Ne4 28. Bxa5 Ra8 29. b4 f5 30. Re2 Nc3 31. Rd2 d5 32. cxd5 Nxd5 33. Rc1 Re3 34. Rc4 Re6 35. Rcd4 b6 36.
b5 bxa5 37. bxc6 Ne7 38. c7 Rc6 39. Rd8+ 1-0

[Event "*** Titled Tuesday Blitz"]
[Site "Chess.com"]
[Date "2020.04.14"]
[Round "5"]
[White "vizumatv4hoda"]
[Black "Anton_Demchenko"]
[Result "1-0"]
[WhiteElo "2756"]
[BlackElo "2928"]
[TimeControl "180+1"]
[EndTime "10:50:57 PDT"]
[Termination "vizumatv4hoda won on time"]

1. e4 e5 2. d4 exd4 3. Nf3 Nc6 4. c3 d5 5. Bd3 dxe4 6. Bxe4 dxc3 7. Bxc6+ bxc6 8.
Qxd8+ Kxd8 9. Nxc3 Bd6 10. O-O Nf6 11. Nd4 Bd7 12. Bg5 Re8 13. Rac1 Kc8 14. Bxf6 gxf6 15. Na4 Rb8 16. Nxc6 Bxc6 17. Rxc6 Rb4 18. b3 Re2 19. Rfc1 Kd7 20. R6c2 Rxc2 21. Rxc2 Rd4 22. g3 f5 23. Kg2 f4 24. Nc5+ Ke7 25. Re2+ Kf8 26. Ne4 fxg3 27.
hxg3 Be7 28. Kf3 Rd3+ 29. Kg4 Rd5 30. Kh3 a5 31. Rc2 Bd6 32. f4 Kg7 33. Rd2 Rxd2 34. Nxd2 Kf6 35. Nc4 Bb4 36. Kg4 Be1 37. Kf3 h5 38.
Ne5 Ke6 39. Nd3 Bc3 40. Nf2 Kd5 41. Ne4 Be1 42. Ng5 f6 43. Ne4 f5 44. Nf6+ Kd4 45. Nxh5 Kc3 46. Ng7 Kb2 47. Nxf5 Kxa2 48. Nd4 Bc3 49. Nb5 1-0

[Event "*** Titled Tuesday Blitz"]
[Site "Chess.com"]
[Date "2020.04.14"]
[Round "5"]
[White "theblitzchamp"]
[Black "dragos420"]
[Result "1/2-1/2"]
[WhiteElo "2672"]
[BlackElo "2511"]
[TimeControl "180+1"]
[EndTime "10:50:57 PDT"]
[Termination "Game drawn by repetition"]

1. e4 e5 2. Nf3 Nc6 3. Bb5 g6 4. Nc3 Bg7 5. Nd5 Nge7 6. d4 Nxd5 7. exd5 Nxd4 8. Nxd4 exd4 9. O-O O-O 10. Bf4 d6 11. Re1 Bf5 12. Qd2 a6 13. Ba4 b5 14. Bb3 Qd7 15.
Bh6 Bxh6 16. Qxh6 Rfe8 17. Qd2 d3 18. cxd3 Rxe1+ 19. Rxe1 Re8 20. h3 h5 21. Re3 Rxe3 22.
fxe3 Qe7 23. e4 Bd7 24. Qc3 Qg5 25. Qxc7 Bxh3 26. Qc2 Bg4 27. Qf2 h4 28. d4 Bd7 29.
Kh2 Qg4 30. Qf3 Qg5 31. a3 Bg4 32. Qf2 Bd7 33. Bd1 Kg7 34. Bf3 Qf4+ 35. Kh1 Qc1+ 36. Kh2 Qf4+ 37. Kg1 Qc1+ 38. Kh2 Qf4+ 1/2-1/2

[Event "*** Titled Tuesday Blitz"]
[Site "Chess.com"]
[Date "2020.04.14"]
[Round "5"]
[White "djano"]
[Black "LionTheLeon_06"]
[Result "0-1"]
[WhiteElo "2489"]
[BlackElo "2670"]
[TimeControl "180+1"]
[EndTime "10:50:57 PDT"]
[Termination "LionTheLeon_06 won on time"]

1. Nf3 Nf6 2. g3 b6 3. Bg2 Bb7 4. O-O e6 5. c4 Be7 6. d4 O-O 7. Nc3 Ne4 8. Qc2 Nxc3 9. bxc3 Nc6 10. Rd1 Na5 11. Nd2 Bxg2 12. Kxg2 c5 13. Qd3 Re8 14. Nb3 Nc6 15. e3 d6 16. a4 Qc7 17. Bb2 Rac8 18. Kg1 Bf6 19. Nd2 Na5 20. d5 e5 21.
Rf1 g6 22. e4 Bg7 23. f4 exf4 24. gxf4 Qd7 25. f5 Qe7 26. Kh1 Bh6 27. f6 Qe5 28. Rae1 Qh5 29. Nf3 Bf4 30. Bc1 Bxc1 31. Rxc1 h6 32.
Rce1 Kh7 33. e5 dxe5 34. d6 Rcd8 35. Qd5 Re6 36. Rxe5 Qh3 37. Rg1 Rdxd6 38. Qe4 Rxf6 39. Re8 Qxf3+ 0-1

[Event "*** Titled Tuesday Blitz"]
[Site "Chess.com"]
[Date "2020.04.14"]
[Round "5"]
[White "shyam"]
[Black "Bambi2006"]
[Result "1-0"]
[WhiteElo "2633"]
[BlackElo "2431"]
[TimeControl "180+1"]
[EndTime "10:50:57 PDT"]
[Termination "shyam won by resignation"]

1. e4 c5 2. Nf3 Nc6 3. d4 cxd4 4. Nxd4 Nf6 5. Nc3 e5 6. Nde2 d6 7. Ng3 Be6 8. Bg5 Be7 9. Bxf6 Bxf6 10. Nd5 O-O 11. c3 Bg5 12. Bc4 g6 13. O-O Kg7 14.
Qe2 f5 15. exf5 gxf5 16. f4 Bxd5 17. Bxd5 exf4 18. Nh5+ Kh8 19. Nxf4 Qb6+ 20. Kh1 Rae8 21. Qc2 Bxf4 22. Rxf4 Qe3 23. Qf2 Qxf2 24. Rxf2 Kg7 25. g3 a5 26. Rd1 Rf6 27. a4 Re7 28. Kg2 Re5 29. Rfd2 f4 30. Bf3 fxg3 31. hxg3 Re3 32.
Bxc6 bxc6 33. Rxd6 Re2+ 34. Kh3 Rxb2 35. Rxf6 Kxf6 36.
Rd6+ Kg7 37. Rxc6 Ra2 38. Rc4 Ra3 39. Kg4 Kg6 40. Kf4 Ra1 41. Ke5 Re1+ 42. Kd6 Re3 43. g4 Kg5 44. Kc5 Rg3 45. Kb5 Rxg4 46. Rxg4+ Kxg4 47. c4 h5 48. c5 h4 49. c6 h3 50. c7 h2 51. c8=Q+ Kg3 52. Qc6 1-0

[Event "*** Titled Tuesday Blitz"]
[Site "Chess.com"]
[Date "2020.04.14"]
[Round "5"]
[White "LogoCzar"]
[Black "mshuaau0"]
[Result "1-0"]
[WhiteElo "2440"]
[BlackElo "2223"]
[TimeControl "180+1"]
[EndTime "10:50:57 PDT"]
[Termination "LogoCzar won by resignation"]

1. e4 e5 2. Nf3 Nc6 3. Bb5 a6 4. Ba4 Nf6 5. O-O Be7 6. Re1 b6 7. Bxc6 dxc6 8. Nxe5 Bb7 9. d4 O-O 10. Nc3 c5 11. d5 Re8 12. a4 Bf8 13. f4 b5 14. axb5 axb5 15. Rxa8 Bxa8 16. Nxb5 Nxe4 17. Rxe4 f6 18. Nc3 fxe5 19. fxe5 Bb7 20. e6 Bd6 21. Qh5 g6 22. Qg4 Qf6 23. Bg5 Qf5 24. Qxf5 gxf5 25.
Re1 c6 26. dxc6 Bxc6 27. g3 Kg7 28. Bf4 Bxf4 29. gxf4 Kf6 30. Kf2 Rxe6 31. Rxe6+ Kxe6 32. Ke3 Kd6 33. Ne2 Be4 34. c3 Kd5 35. Ng3 Bb1 36.
Nh5 Ke6 37. b4 cxb4 38. cxb4 Kd5 39. Nf6+ Kc4 40. Nxh7 Kxb4 41. Kd4 Kb5 42. Ke5 Kc6 43. Nf8 Kc7 44. Ne6+ Kd7 45. Nd4 Ke7 46. Nxf5+ Kf7 47. Ng3 Bc2 48. f5 Bb1 49. Kf4 Kf6 50. Nh5+ Kf7 51.
Kg5 Bc2 52. h4 Bb1 53. Nf4 Bc2 54. h5 Bb1 55. h6 Bc2 56. Ng6 Bb1 57. h7 1-0

[Event "*** Titled Tuesday Blitz"]
[Site "Chess.com"]
[Date "2020.04.14"]
[Round "5"]
[White "NDePinEsPeRG"]
[Black "Morshynska"]
[Result "1-0"]
[WhiteElo "2891"]
[BlackElo "2073"]
[TimeControl "180+1"]
[EndTime "10:50:57 PDT"]
[Termination "NDePinEsPeRG won by resignation"]

1. e4 e5 2. Nf3 Nc6 3. Bb5 a6 4. Ba4 Nf6 5. d3 d6 6. c3 Bd7 7. Nbd2 g6 8. Nf1 Bg7 9. Bg5 h6 10. Bh4 O-O 11. Ne3 Qe8 12. O-O Nd4 13. Bxd7 Nxf3+ 14. Qxf3 Nxd7 15. Nd5 g5 16. Bg3 Rc8 17. Ne3 Nc5 18. Nf5 Ne6 19. h4 f6 20. Qe2 Kh7 21. d4 Bh8 22. Rfe1 Ng7 23. Qf3 Nxf5 24. Qxf5+ Qg6 25.
Qd7+ Qf7 26. Qh3 Rce8 27. f3 Qg6 28. Bf2 f5 29. exf5 Qxf5 30. Qxf5+ Rxf5 31. Re2 Rff8 32. hxg5 hxg5 33. d5 Kg6 34. Rae1 Rf7 35. Re4 Rg8 36.
a4 Bf6 37. a5 Bh8 38. Rb4 Rb8 39. Ba7 Rg8 40. Rxb7 e4 41. Rxe4 Be5 42. Bd4 Bxd4+ 43. Rxd4 Re8 44. Kf2 Re5 45. Ra7 c6 46. Rxf7 Kxf7 47.
dxc6 Rxa5 48. Rxd6 Rc5 49. Ke3 a5 50. Kd4 1-0

[Event "*** Titled Tuesday Blitz"]
[Site "Chess.com"]
[Date "2020.04.14"]
[Round "5"]
[White "BlueWizzard"]
[Black "gena217"]
[Result "1/2-1/2"]
[WhiteElo "2779"]
[BlackElo "2917"]
[TimeControl "180+1"]
[EndTime "10:50:58 PDT"]
[Termination "Game drawn by agreement"]

1. d4 Nf6 2. Nc3 d5 3. Bf4 c5 4.
e3 cxd4 5. exd4 a6 6. Nf3 Nc6 7.
Ne5 Qb6 8. Nxc6 Qxc6 9. Bd3 Bg4 10. Qd2 e6 11. a3 Bh5 12. O-O Bg6 13. Be5 Bd6 14. Bxd6 Qxd6 15. Rae1 O-O 16. h3 Rac8 17. Re3 Bxd3 18. Qxd3 Qc6 19. Rfe1 b5 20. R1e2 Qc4 21. Qd2 a5 22. Rg3 g6 23. Rf3 b4 24. axb4 axb4 25. Rxf6 bxc3 26. bxc3 Qxc3 27. Qf4 Rc4 28. Rexe6 Rxd4 29. Qh6 Re4 30. Rxe4 dxe4 31. Qf4 Qxc2 32. Qe5 Qc4 33. Kh2 Rc8 34. h4 e3 35. f4 e2 36. h5 Qc5 37. Qxe2 Qxh5+ 38. Qxh5 gxh5 39. Rf5 Kg7 40. Rxh5 h6 41. Kh3 Rc3+ 42. g3 Rc1 43. Kg4 Rc2 44. Re5 1/2-1/2

[Event "*** Titled Tuesday Blitz"]
[Site "Chess.com"]
[Date "2020.04.14"]
[Round "5"]
[White "Lestofante90"]
[Black "nihalsarin"]
[Result "0-1"]
[WhiteElo "2777"]
[BlackElo "3060"]
[TimeControl "180+1"]
[EndTime "10:50:58 PDT"]
[Termination "nihalsarin won by checkmate"]

1. d4 f5 2. Nc3 Nf6 3. Bg5 d5 4. e3 e6 5. Bd3 a6 6. Nf3 c5 7. dxc5 Bxc5 8. O-O O-O 9. Ne2 Nc6 10. c4 h6 11. Bf4 g5 12. Bg3 Ne4 13. a3 Qf6 14. cxd5 Nxg3 15. Nxg3 exd5 16. Bxf5 Be6 17. Bxe6+ Qxe6 18.
Rc1 Ba7 19. Qb3 Qf7 20. Ne2 Rad8 21. Ned4 Bxd4 22. exd4 Rde8 23. Rfe1 Rxe1+ 24. Rxe1 g4 25. Re3 gxf3 26. Rxf3 Nxd4 27. Rxf7 Nxb3 28. Rxb7 Nc5 29. Rc7 Nd3 30. Rd7 Rf5 31. g4 Re5 32. b4 Nf4 33. f3 d4 34. Kf2 d3 35. Kg3 Rd5 36.
Rxd5 Nxd5 37. Kf2 Kf7 38. Ke1 Ke6 39. Kd2 Nf4 40. Ke3 Kd5 41. h4 Kc4 42. Kd2 Kb3 43. h5 Kxa3 44. g5 hxg5 45. h6 Kxb4 46. h7 Ng6 47.
Kxd3 a5 48. Ke4 a4 49. Kf5 Nh8 50. Kf6 a3 51. Kg7 a2 52. Kxh8 a1=Q+ 53. Kg8 Qa2+ 54. Kg7 Qb2+ 55. Kg8 Qb3+ 56. Kg7 Qc3+ 57. Kg8 Qc4+ 58. Kg7 Qd4+ 59. Kg8 Qd5+ 60. Kg7 Qe5+ 61. Kg8 Qe6+ 62. Kg7 Qe5+ 63. Kg8 g4 64. fxg4 Qg5+ 65. Kh8 Qg6 66.
g5 Qf7 67. g6 Qf8# 0-1

[Event "*** Titled Tuesday Blitz"]
[Site "Chess.com"]
[Date "2020.04.14"]
[Round "5"]
[White "MaximDlugy"]
[Black "viktorskliarov"]
[Result "1-0"]
[WhiteElo "2893"]
[BlackElo "2644"]
[TimeControl "180+1"]
[EndTime "10:50:58 PDT"]
[Termination "MaximDlugy won by resignation"]

1. d4 Nf6 2. Bf4 g6 3. Nc3 Bg7 4. e4 O-O 5. e5 Nh5 6. Bd2 f5 7.
Be2 Qe8 8. Bxh5 gxh5 9. Nf3 e6 10. Qe2 b6 11. O-O-O Ba6 12. Qe3 Nc6 13. Qg5 Qg6 14. Bf4 Qxg5 15. Bxg5 h6 16. Bf4 Ne7 17. Nh4 Bb7 18. Rhe1 Kf7 19. Ne2 b5 20. Bd2 Rg8 21. Nf4 Bh8 22. f3 Rg5 23. Nh3 Rag8 24. g3 Bd5 25. Rf1 Bc4 26. Rf2 Nc6 27. Bxg5 hxg5 28. Ng2 g4 29. Nhf4 gxf3 30. Rxf3 h4 31. Nxh4 b4 32.
b3 Bb5 33. Rf2 a5 34. Kb2 a4 35. Nd3 a3+ 36. Kb1 Rg4 37. Rf4 Nxd4 38. Rxg4 fxg4 39. Rf1+ Ke8 40. Rf4 Ne2 41. Rxb4 Nc3+ 42.
Ka1 Bxd3 43. Rb8+ Kf7 44. Rxh8 Bxc2 45. Ra8 d6 46. Ra7 Nd5 47. exd6 Ke8 48. dxc7 Kd7 49. Rxa3 Kxc7 50. Ra4 Be4 51. Rxe4 Kd6 52. Rxg4 1-0